 Dungeon Crawl Stone Soup version 0.29-a0-1033-gb6c65ffae6 (webtiles) character file.

Game seed: 4693271557381596895

30 Manisian the Slasher (level 3, 20/31 HPs)
             Began as a Draconian Berserker on Aug 14, 2022.
             Was a Follower of Trog.
             Quit the game on level 1 of the Dungeon.
             The game lasted 00:00:56 (755 turns).

Manisian the Slasher (Draconian Berserker)           Turns: 755, Time: 00:00:56

Health: 20/31      AC:  5    Str: 21    XL:     3   Next: 3%
Magic:  3/3        EV: 12    Int:  7    God:    Trog [*.....]
Gold:   51         SH:  0    Dex: 10    Spells: 2/2 levels left

rFire   . . .      SeeInvis .   a - +0 falchion
rCold   . . .      Faith    .   (no shield)
rNeg    . . .      Spirit   .   (body armour unavailable)
rPois   .          Reflect  .   (helmet restricted)
rElec   .          Harm     .   (no cloak)
rCorr   .          Rampage  .   (no gloves)
Will    .....                   (no boots)
Stlth   +.........              (no amulet)
HPRegen 0.10/turn               (no ring)
MPRegen 0.08/turn               (no ring)

@: no status effects
A: AC +5, unfitting armour, cold-blooded
a: Renounce Religion, Berserk


You were on level 1 of the Dungeon.
You worshipped Trog.
Trog was aware of your devotion.
You visited 1 branch of the dungeon, and saw 1 of its levels.

You collected 51 gold pieces.

Inventory:

Hand Weapons
 a - a +0 falchion (weapon)
Missiles
 i - 2 poisoned darts (quivered)
Scrolls
 b - a scroll of immolation {unknown}
 c - a scroll of amnesia {unknown}
 d - 4 scrolls of identify {unknown}
 g - a scroll of poison {unknown}
 h - 2 scrolls of magic mapping {unknown}
Potions
 e - a potion of might {unknown}
 f - a potion of brilliance {unknown}


   Skills:
 + Level 3.5 Fighting
 + Level 3.7 Long Blades
 + Level 3.0 Dodging


You had 2 spell levels left.
You didn't know any spells.
Your spell library was empty.

Dungeon Overview and Level Annotations

Branches:
Dungeon (1/15)

Altars:


Innate Abilities, Weirdness & Mutations

Your plain brown scales are hard. (AC +5)
You cannot fit into any form of body armour.
You are cold-blooded and may be slowed by cold attacks.


Message History

You hit the goblin.
You kill the goblin!
Trog accepts your kill.
No target in view!
h - 2 scrolls labelled JONUIF FIJI You now have 51 gold pieces (gained 11).
d - 4 scrolls labelled UHEZOJURHA (gained 3)
There is an escape hatch in the floor here.
Found 2 poisoned darts.
A bat comes into view.
A bat is nearby!
A bat is nearby!
The bat misses you.
You barely miss the bat. The bat barely misses you. The bat barely misses you.
You hit the bat.
You kill the bat!
Trog accepts your kill.
You have reached level 3!
Your experience leads to an increase in your attributes!
Increase (S)trength, (I)ntelligence, or (D)exterity?
You feel stronger. x2; Your scales feel tougher.
You see here 2 poisoned darts.
i - 2 poisoned darts A quokka comes into view.
A quokka is nearby!
A quokka is nearby!
Found a cloak.
You completely miss the quokka. The quokka misses you.
You barely miss the quokka. The quokka bites you. x2
You barely miss the quokka. The quokka bites you.
You closely miss the quokka. The quokka closely misses you.
You barely miss the quokka. The quokka bites you.
The quokka closely misses you.
You slash the quokka!
You kill the quokka!
Trog accepts your kill.
No target in view!
Unknown command.
Are you sure you want to abandon this character and quit the game? (Confirm with "yes".)

....................
#....#...#..........#
##.....#............#
##..#####..........#
##...# #.......... .
#..#.####.......... ...
##..#.....##.####.##....
#...#####......##.......
.>..)...####....@†..#
.....)..................
...............>........
.....†....####.#......#.
...........###..........
.....>..........##.#..##
...........#..... .##.#
. ...........#..##..[.
.# . .........### #


There were no monsters in sight!

Vanquished Creatures
  A gnoll (D:1)
  A dart slug (D:1)
  2 ball pythons (D:1)
  An endoplasm (D:1)
  5 goblins (D:1)
  2 hobgoblins (D:1)
  A quokka (D:1)
  3 bats (D:1)
  A kobold (D:1)
17 creatures vanquished.

Notes
Turn   | Place    | Note
-------+----------+-------------------------------------------
     0 | D:1      | Manisian the Draconian Berserker began the quest for the
                  | Orb.
     0 | D:1      | Reached XP level 1. HP: 19/19 MP: 1/1
   185 | D:1      | Reached XP level 2. HP: 11/26 MP: 2/2
   734 | D:1      | Reached XP level 3. HP: 31/31 MP: 3/3
   755 | D:1      | Quit the game

Illustrated notes

Levels and vault maps discovered:
D:1:      tarquinn_simple_flora_water_d, layout_rooms

Skill      XL: |  1  2 |
---------------+-------+-----
Dodging        | 3 |  3.0
Fighting       | |  3.5
Long Blades    | |  3.7

Action                   || total
-------------------------++-------
Melee: Falchion          ||    53
       Tailslap          ||     6
Armor: Skin              ||    18
Dodge: Dodged            ||    44

Table legend: (Time is in decaauts)
 A = Elapsed time spent in this place.
 B = Non-inter-level travel time spent in this place.
 C = Inter-level travel time spent in this place.
 D = Time resting spent in this place.
 E = Time spent auto-exploring this place.
 F = Levels seen in this place.
 G = Mean time per level.
                   A        B        C        D        E       F      G
               +--------+--------+--------+--------+--------+-----+--------+
         Total |    762 |    762 |      0 |      0 |    633 |   1 |  762.0 |
       Dungeon |    762 |    762 |      0 |      0 |    633 |   1 |  762.0 |
               +--------+--------+--------+--------+--------+-----+--------+

Top non-repeatable levels by time:
     D:1: 762 daAuts
